 Dungeon Crawl Stone Soup version 0.30.1-11-g7821555f0a (webtiles) character file.

Game seed: 4370929459849795569

387 FIREandBLOOD the Shooter (level 7, -6/48 HPs)
             Began as a Formicid Hexslinger on Oct 30, 2023.
             Mangled by an iguana (13 damage)
             ... on level 6 of the Dungeon.
             The game lasted 00:16:53 (1980 turns).

FIREandBLOOD the Shooter (Formicid Hexslinger)      Turns: 1980, Time: 00:16:54

Health: -6/48      AC:  2    Str: 26    XL:     7   Next: 7%
Magic:  8/8        EV: 12    Int: 15    God:
Gold:   203        SH:  5    Dex: 14    Spells: 7/8 levels left

rFire   . . .        a - +1 sling
rCold   . . .        n - +0 buckler
rNeg    . . .        c - +0 robe
rPois   .            (helmet unavailable)
rElec   .            (no cloak)
rCorr   .            (no gloves)
SInv    +            (no boots)
Will    .....        (no amulet)
Stlth   ++           i - +6 ring of strength
HPRegen 0.28/turn    v - +6 ring of strength
MPRegen 0.11/turn

%: no passive effects
@: mesmerised
A: permanent stasis, dig shafts and tunnels, antennae 3, four strong arms
a: Dig, Shaft Self


You were on level 6 of the Dungeon.
You visited 1 branch of the dungeon, and saw 4 of its levels.

You collected 203 gold pieces.

Inventory:

Hand Weapons
 a - a +1 sling (weapon)
Missiles
 h - 6 boomerangs
Armour
 c - a +0 robe (worn)
 n - a +0 buckler (worn)
Jewellery
 i - a +6 ring of strength (left hand)
 v - a +6 ring of strength (right hand)
Scrolls
 b - a scroll of poison
 d - a scroll of enchant armour {unknown}
 e - a scroll of identify {unknown}
 f - a scroll of amnesia {unknown}
 r - a scroll of torment {unknown}
 s - a scroll of immolation {unknown}
 u - a scroll of vulnerability {unknown}
 w - a scroll of magic mapping {unknown}
Potions
 g - 2 potions of degeneration {unknown}
 j - a potion of mutation {unknown}
 k - a potion of invisibility {unknown}
 l - a potion of lignification {unknown}
 o - a potion of brilliance {unknown}
 p - 3 potions of curing {unknown}
 q - a potion of might {unknown}
 t - a potion of heal wounds {unknown}


   Skills:
 - Level 1.1 Fighting
 * Level 5.4 Ranged Weapons
 - Level 1.7 Dodging
 + Level 2.5 Stealth
 - Level 4.0 Shields
 - Level 1.1 Spellcasting
 - Level 3.6 Hexes
 + Level 1.6 Evocations


You had 7 spell levels left.
You knew the following spells:

 Your Spells              Type           Power      Damage    Failure   Level
a - Slow                  Hex            44%        N/A       7%          1

Your spell library contained the following spells:

 Spells                   Type           Power      Damage    Failure   Level
 Inner Flame              Hex/Fire       6%         N/A       38%         3
 Portal Projectile        Hex/Tloc       12%        N/A       38%         3
 Cause Fear               Hex            5%         N/A       54%         4


Dungeon Overview and Level Annotations

Branches:
Dungeon (3/15)

Altars:
Trog

Annotations:
D:6 Maggie


Innate Abilities, Weirdness & Mutations

You cannot be hasted, slowed, berserked, paralysed or teleported.
You can dig through walls and to a lower floor.
You have a pair of large antennae on your head. (SInv)
Your four strong arms can wield two-handed weapons with a shield.


Message History

Maggie struggles to resist.
The iguana barely misses you. Maggie closely misses you.
Aiming: Mindburst
Press: ? - help, Shift-Dir - straight line, f/p - Maggie
Aim: Maggie, wielding a +4 scimitar and wearing +0 acid dragon scales (heavily wounded, chance to affect: 71%) Maggie's mind is blasted!!
The iguana bites you.
Maggie gestures wildly while chanting.
Maggie attempts to bespell you!
You are mesmerised by Maggie!
You are mesmerised.
Your movement speed is average.
Your attack delay is about 1.1.
Your damage rating with your +1 sling is about 9 (Base 7 x 110% (Dex) x 112% (Skill) + 1 (Ench)).
Your base attributes are Str 14, Int 15, Dex 14.
Aiming: Mindburst
Press: ? - help, Shift-Dir - straight line, f/p - Maggie
Aim: Maggie, wielding a +4 scimitar and wearing +0 acid dragon scales (almost dead, mesmerising, chance to affect: 71%) Maggie struggles to resist.
The now-empty wand crumbles to dust.
The iguana bites you! Maggie closely misses you.
Fire: a) +1 sling
Press: ? - help, Q - select action, (/) - cycle Shift-Dir - straight line, f/p - Maggie
Aim: Maggie, wielding a +4 scimitar and wearing +0 acid dragon scales (almost dead, mesmerising, 59% to hit)
You shoot a sling bullet. The sling bullet hits Maggie.
Maggie is almost dead.
The iguana bites you but does no damage.
Maggie barely misses you.
Fire: a) +1 sling
Press: ? - help, Q - select action, (/) - cycle Shift-Dir - straight line, f/p - Maggie
Aim: Maggie, wielding a +4 scimitar and wearing +0 acid dragon scales (almost dead, mesmerising, 59% to hit)
You shoot a sling bullet. The sling bullet barely misses Maggie.
The iguana bites you. Maggie hits you with a +4 scimitar.
Fire: a) +1 sling
Press: ? - help, Q - select action, (/) - cycle Shift-Dir - straight line, f/p - Maggie
Aim: Maggie, wielding a +4 scimitar and wearing +0 acid dragon scales (almost dead, mesmerising, 59% to hit)
You shoot a sling bullet. The sling bullet hits Maggie.
Maggie is almost dead.
Maggie gestures at you while chanting. The bolt of fire hits you!!
* * * LOW HITPOINT WARNING * * *
The iguana bites you!
You die...

#.......#.# #######
#@#######.####......#
#..รทรท...#....+......+
#######.######......#
#.# ......# #.# ....l.#
#[# ......#
#@###.#........
#.@lf...######.
#####.###


You could see Maggie (mesmerising), a sleepcap and an iguana.

Vanquished Creatures
  A wyvern (D:6)
  A sky beast (D:6)
  A hound (D:6)
  Jessica (D:2)
  An iguana (D:3)
  2 adders
  A shadow imp (D:6)
  A worm (D:2)
  A dart slug (D:1)
  4 ball pythons
  4 endoplasms
  5 goblins
  5 hobgoblins
  3 jackals (D:2)
  A quokka (D:3)
  5 bats
  4 kobolds
  3 rats
44 creatures vanquished.

Notes
Turn   | Place    | Note
-------+----------+-------------------------------------------
     0 | D:1      | FIREandBLOOD the Formicid Hexslinger began the quest for
                  | the Orb.
     0 | D:1      | Reached XP level 1. HP: 15/15 MP: 2/2
   217 | D:1      | Reached XP level 2. HP: 21/21 MP: 3/3
   371 | D:1      | Reached skill level 1 in Stealth
   520 | D:1      | Reached skill level 3 in Ranged Weapons
   669 | D:1      | Reached XP level 3. HP: 26/26 MP: 2/4
   916 | D:2      | Noticed Jessica
   928 | D:2      | Killed Jessica
   929 | D:2      | Reached skill level 1 in Shields
   929 | D:2      | Reached XP level 4. HP: 32/32 MP: 5/5
  1253 | D:3      | Found a faded altar of an unknown god.
  1311 | D:3      | Reached XP level 5. HP: 16/37 MP: 3/6
  1401 | D:3      | Found a bloodstained altar of Trog.
  1542 | D:3      | You fall into a shaft and drop 3 floors!
  1591 | D:6      | Noticed a wyvern
  1620 | D:6      | Reached skill level 4 in Ranged Weapons
  1820 | D:6      | Noticed a sky beast
  1833 | D:6      | Killed a sky beast
  1834 | D:6      | Reached XP level 6. HP: 25/43 MP: 7/7
  1922 | D:6      | Reached skill level 5 in Ranged Weapons
  1930 | D:6      | Noticed Maggie
  1971 | D:6      | Killed a wyvern
  1972 | D:6      | Reached skill level 1 in Evocations
  1972 | D:6      | Reached XP level 7. HP: 48/48 MP: 8/8
  1980 | D:6      | Mangled by an iguana

Illustrated notes

Levels and vault maps discovered:
D:1:      dpeg_arrival_boxes_within_box, layout_basic, glass_columns_a,
          serial_bayou_pond_d
D:2:      layout_rooms, minmay_three_crescents, uniq_jessica
D:3:      layout_rooms, trog_book, grunt_qazlal_sundering,
          hellmonk_ecumenical_altar_lost_god, minmay_misc_feat_plants
D:6:      minmay_clustersquares, layout_basic, grunt_ministairs_12,
          columned_hall_lemuel, hex_medium, kennysheep_generic_room_11,
          uniq_eustachio, uniq_maggie

Skill      XL: |  1  2  3  4  5  6 |
---------------+-------------------+-----
Stealth        | 1 2 |  2.5
Ranged Weapons | 3 4 5 |  5.4
Shields        | 1 2 4 |  4.0
Evocations     | 1 |  1.6
Fighting       | |  1.1
Dodging        | |  1.7
Spellcasting   | |  1.1
Hexes          | |  3.6

Action                     |  1- 3 |  4- 6 |  7- 9 || total
---------------------------+-------+-------+-------++-------
   Fire: Sling             |   100 |    50 |     3 ||   153
   Cast: Slow              |    10 |     7 |       ||    17
  Evoke: Wand              |       |     6 |     6 ||    12
 Armour: Robe              |     5 |     5 |     1 ||    11
  Dodge: Dodged            |    20 |    26 |     5 ||    51
